 Dungeon Crawl Stone Soup version 0.30-a0-743-gbfdf073431 (webtiles) character file.

Game seed: 12696473228219245015

191 DeathSun the Ruffian (level 5, -10/41 HPs)
             Began as a Draconian Transmuter on Feb 8, 2023.
             Mangled by Menkaure (21 damage)
             ... on level 3 of the Dungeon.
             The game lasted 00:07:01 (3032 turns).

DeathSun the Ruffian (Draconian Transmuter)         Turns: 3032, Time: 00:07:02

Health: -10/41     AC:  5    Str: 14    XL:     5   Next: 41%
Magic:  7/8        EV: 12    Int: 14    God:
Gold:   87         SH:  0    Dex: 11    Spells: 4/8 levels left

rFire   . . .      SeeInvis .      - Unarmed
rCold   . . .      Faith    .    (no shield)
rNeg    . . .      Spirit   .    (body armour unavailable)
rPois   .          Reflect  .    (helmet currently unavailable)
rElec   .          Harm     .    (no cloak)
rCorr   .          Rampage  .    (no gloves)
Will    .....                    (boots currently unavailable)
Stlth   +                        (no amulet)
HPRegen 0.26/turn                (no ring)
MPRegen 0.11/turn                (no ring)

@: appendages
A: horns 2, talons 2, AC +5, unfitting armour, cold-blooded
a: End Transformation


You were on level 3 of the Dungeon.
You had temporarily grown beastly horns and talons.
You visited 1 branch of the dungeon, and saw 4 of its levels.

You collected 87 gold pieces.

Inventory:

Missiles
 e - 14 poisoned darts
Scrolls
 a - a scroll of summoning {unknown}
 b - a scroll of brand weapon {unknown}
 d - 2 scrolls of identify {unknown}
 f - a scroll of poison {unknown}
 g - a scroll of fear {unknown}
 j - a scroll of teleportation {unknown}
Potions
 c - a potion of haste
 h - a potion of flight {unknown}
 i - a potion of berserk rage {unknown}
 k - 2 potions of heal wounds
 l - a potion of curing {unknown}


   Skills:
 - Level 2.0 Fighting
 - Level 1.7 Dodging
 * Level 4.8 Unarmed Combat
 - Level 2.0 Spellcasting
 + Level 3.2 Transmutations
 + Level 1.7 Poison Magic


You had 4 spell levels left.
You knew the following spells:

 Your Spells              Type           Power      Damage    Failure   Level
a - Beastly Appendage     Tmut           20%        N/A       6%          1
b - Spider Form           Tmut/Pois      8%         N/A       26%         3

Your spell library contained the following spells:

 Spells                   Type           Power      Damage    Failure   Level
 Wereblood                Tmut           10%        N/A       10%         2
 Frozen Ramparts          Ice            2%         1d1       56%         3
 Inner Flame              Hex/Fire       1%         N/A       56%         3
 Ice Form                 Ice/Tmut       5%         N/A       77%         4
 Cause Fear               Hex            0%         N/A       93%         4
 Summon Ice Beast         Ice/Summ       1%         N/A       93%         4
 Discord                  Hex            0%         N/A       100%        8


Dungeon Overview and Level Annotations

Branches:
Dungeon (4/15)
 Temple: D:4-7

Altars:
Ashenzari
Uskayaw

Annotations:
D:2 1 runed translucent door, Crazy Yiuf
D:3 3 runed translucent doors, Menkaure; Sigmund; vrbfk's ghost, weakling MiFi
D:4 Robin


Innate Abilities, Weirdness & Mutations

You have temporarily grown beastly horns and talons.
Your plain brown scales are hard. (AC +5)
You cannot fit into any form of body armour.
You are cold-blooded and may be slowed by cold attacks.


Message History

l - a fizzy puce potion
There is an open door here.
There is a stone staircase leading down here.
You see here the +8 short sword of Feulik {vamp, rF- rC+ Dex+5}.
There is a stone staircase leading down here.
You climb downwards.
Level annotation: Robin Menkaure shouts!
The orc shouts!
The goblin shouts!
Menkaure barely misses you.
There is a stone staircase leading up here.
You climb upwards.
Level annotation: 3 runed translucent doors, Sigmund; vrbfk's ghost, weakling MiFi
There is a stone staircase leading down here.
Casting: Beastly Appendage (safe; 6% risk of failure)
Confirm with . or Enter, or press ? or * to list all spells.
You grow a pair of large bovine horns.
Your feet morph into talons.
Menkaure casts a spell.
Menkaure seems to speed up.
You hit Menkaure. You claw Menkaure.
You tail-slap Menkaure, but do no damage.
You punch Menkaure.
Menkaure is moderately damaged.
Menkaure misses you.
You closely miss Menkaure.
Menkaure is moderately damaged.
Menkaure hits you.
You hit Menkaure. You tail-slap Menkaure.
Menkaure is moderately damaged.
Menkaure calls on the powers of darkness!
Your body is wracked with pain!
You hit Menkaure.
Menkaure is heavily damaged.
Menkaure barely misses you.
You hit Menkaure. Your kick misses Menkaure.
Menkaure is severely damaged.
Menkaure hits you!
* * * LOW HITPOINT WARNING * * *
Menkaure hits you!!
Ouch! That really hurt!
You die...

[..W#.+............)>÷...#
_.8.#.+|...###.#####....##
[...#.+........#
#.#.#.#####
....#.#..#.......
#.........
.##oo#..#####.###.#)#.#####
.8#oo#........# ###.#.#
.##oo#..#####.#####.#.###
8....o#..)..........)....#
######8.#######@.####.#.#
##.# #.M# #.#.# #.#
#####..####.#.# ### #.#
#......[....... ..#
#.###†###..####.#.# #.#
#..........# ....# #.#
#####.####.# ....# #.# #.#
#... #.# #.# #####


You could see Menkaure (fast).

Vanquished Creatures
  A centaur skeleton (D:4)
  Jessica (D:3)
  A scorpion zombie (D:4)
  5 adders
  An adder zombie (D:4)
  4 dart slugs
  5 endoplasms
  11 goblins
  7 hobgoblins
  4 quokkas
  7 ball pythons
  2 bats (D:2)
  5 kobolds
  2 rats
56 creatures vanquished.

Vanquished Creatures (others)
  A fungus (D:2)
  5 plants (D:2)
  2 withered plants (D:4)
8 creatures vanquished.

Grand Total: 64 creatures vanquished

Notes
Turn   | Place    | Note
-------+----------+-------------------------------------------
     0 | D:1      | DeathSun the Draconian Transmuter began the quest for the
                  | Orb.
     0 | D:1      | Reached XP level 1. HP: 16/16 MP: 3/3
   352 | D:1      | Reached XP level 2. HP: 23/23 MP: 3/5
   932 | D:2      | Reached XP level 3. HP: 5/29 MP: 6/6
  1222 | D:2      | Learned a level 3 spell: Spider Form
  1764 | D:3      | Found a broken altar of Ashenzari.
  1787 | D:3      | Reached skill level 4 in Unarmed Combat
  1884 | D:3      | Noticed Sigmund
  2019 | D:2      | Found a runed translucent door.
  2020 | D:2      | Noticed Crazy Yiuf
  2526 | D:3      | Noticed Jessica
  2534 | D:3      | Reached XP level 4. HP: 28/36 MP: 7/7
  2565 | D:3      | Killed Jessica
  2566 | D:3      | Reached skill level 1 in Poison Magic
  2643 | D:3      | Found a runed translucent gate.
  2643 | D:3      | Found a runed translucent gate.
  2643 | D:3      | Found a runed translucent gate.
  2643 | D:3      | Noticed vrbfk's ghost (weakling MiFi)
  2705 | D:4      | Noticed a phantom
  2714 | D:3      | Identified the +8 short sword of Feulik {vamp, rF- rC+
                  | Dex+5}
  2776 | D:4      | Reached XP level 5. HP: 41/41 MP: 6/8
  2848 | D:4      | Found a hide-covered altar of Uskayaw.
  2859 | D:4      | Noticed Robin
  3024 | D:4      | Noticed Menkaure
  3032 | D:3      | Mangled by Menkaure

Illustrated notes

Levels and vault maps discovered:
D:1:      amcnicky_arrival_wind_blow, layout_basic, kennysheep_pointless_box
D:2:      layout_loops_ring, minmay_shallow_snake_nest, uniq_crazy_yiuf_cottage
D:3:      layout_loops_corners, general_overflow_altar,
          biasface_ghost_orc_armoury, minmay_goblin_outpost, uniq_jessica,
          uniq_sigmund
D:4:      layout_cave_pods, amcnicky_altar_gilded,
          nicolae_uskayaw_murder_on_the_dancefloor, serial_undead,
          serial_undead_d, serial_undead_e, serial_undead_d, serial_undead_b,
          serial_undead_d, lemuel_flame_loot_1, uniq_eustachio, uniq_menkaure,
          uniq_robin, uniq_ijyb, uniq_duvessa

Skill      XL: |  1  2  3  4 |
---------------+-------------+-----
Fighting       | 2 |  2.0
Unarmed Combat | 4 |  4.8
Poison Magic   | 1 |  1.7
Transmutations | 3 |  3.2
Dodging        | |  1.7
Spellcasting   | |  2.0

Action                     |  1- 3 |  4- 6 || total
---------------------------+-------+-------++-------
  Melee: Unarmed           |   105 |    61 ||   166
         Kick              |    10 |    10 ||    20
         Tailslap          |    14 |    10 ||    24
         Headbutt          |     8 |     9 ||    17
         Punch             |     2 |     1 ||     3
   Cast: Beastly Appendage |    25 |    10 ||    35
    Use: Potion            |     5 |       ||     5
   Stab: Sleeping          |     2 |       ||     2
 Armour: Skin              |    39 |    20 ||    59
  Dodge: Dodged            |    82 |    40 ||   122

Table legend: (Time is in decaauts)
 A = Elapsed time spent in this place.
 B = Non-inter-level travel time spent in this place.
 C = Inter-level travel time spent in this place.
 D = Time resting spent in this place.
 E = Time spent auto-exploring this place.
 F = Levels seen in this place.
 G = Mean time per level.
                   A        B        C        D        E       F      G
               +--------+--------+--------+--------+--------+-----+--------+
         Total |   3011 |   2812 |    199 |      0 |   2122 |   4 |  752.8 |
       Dungeon |   3011 |   2812 |    199 |      0 |   2122 |   4 |  752.8 |
               +--------+--------+--------+--------+--------+-----+--------+

Top non-repeatable levels by time:
     D:2: 1438 daAuts
     D:3: 731 daAuts
     D:1: 680 daAuts
     D:4: 160 daAuts
